AoeStats
← martin171088

Arena

509703496Analyzed
4v4 RM · 6d ago on Sep 27, 2026· 21m 7s· 8 players
Game mode
Random Map
Map size
Large (8 player)
Population
200
Speed
Normal
Resources
Standard
Victory
Conquest
Starting age
Dark Age
Ending age
Imperial Age
RankedLock teamsTeams togetherTeam positionsShared explorationLock speedFull tech treeHidden civsTurbo modeCheats
Victory
Defeat
🇩🇪 Cumans · Germany
1267
+11
🇩🇪 Franks · Germany
1191
+14
🇩🇪 Japanese · Germany
1055
+19
🇩🇪 Burgundians · Germany
1020
+33
🇺🇸 Britons · United States
1166
-17
🇩🇪 Franks · Germany
1144
-16
🇺🇸 Huns · United States
1128
-16
🇦🇷 Burgundians · Argentina
1116
-15
Trololo
4:16 Loom
10:45 Feudal Age
11:37 Double-Bit Axe
11:33 Horse Collar
12:35 Wheelbarrow
15:42 Gold Mining
Jeezye
3:01 Loom
9:53 Feudal Age
10:58 Double-Bit Axe
16:46 Castle Age
15:54 Horse Collar
16:23 Scale Mail Armor
16:34 Forging
17:59 Bow Saw
18:06 Arson
18:31 Man-at-Arms
18:53 Man-at-Arms
20:41 Long Swordsman
21:07 Gambesons
martin171088
0:28 Loom
6:44 Double-Bit Axe
12:19 Feudal Age
10:37 Horse Collar
18:09 Castle Age
16:11 Gold Mining
16:34 Heavy Plow
17:47 Scale Barding Armor
17:54 Forging
18:54 Gold Shaft Mining
18:33 Bow Saw
18:19 Cavalier
19:02 Husbandry
19:32 Chain Barding Armor
Fungi93
2:40 Loom
12:44 Feudal Age
18:52 Castle Age
20:04 Squires
mark_aoe_2024
11:06 Feudal Age
12:35 Loom
15:29 Castle Age
13:41 Double-Bit Axe
15:13 Horse Collar
15:25 Gold Mining
15:48 Bloodlines
blizzopop
10:01 Feudal Age
14:09 Castle Age
13:32 Double-Bit Axe
golden Eagle
0:26 Loom
11:13 Feudal Age
16:09 Castle Age
14:22 Double-Bit Axe
18:24 Bow Saw
0xLexA.23
8:51 Double-Bit Axe
10:40 Feudal Age
14:33 Castle Age
19:03 Bow Saw
19:36 Forging
18:58 Light Cavalry
19:55 Scale Barding Armor
Connection lost

Rejoining the realm…

Still unreachable

The connection could not be restored.

Session expired

The server has moved on; the page needs a fresh start.